AoeStats
← The Potato King

Arabia

510178374Analyzed
2v2 RM · 4d ago on Sep 29, 2026· 48m 9s· 4 players
Game mode
Random Map
Map size
Medium (4 player)
Population
200
Speed
Normal
Resources
Standard
Victory
Conquest
Starting age
Dark Age
Ending age
Imperial Age
RankedLock teamsTeams togetherTeam positionsShared explorationLock speedFull tech treeHidden civsTurbo modeCheats
Victory
Defeat
🇬🇧 Franks · United Kingdom
1169
+14
🇬🇧 Franks · United Kingdom
1166
+14
🇨🇾 Khmer · Cyprus
1117
-14
🇬🇧 Goths · United Kingdom
1117
-14
gamtila
0:55 Loom
9:21 Feudal Age
9:34 Man-at-Arms
19:17 Double-Bit Axe
22:48 Castle Age
22:36 Bloodlines
22:52 Pikeman
26:02 Scale Barding Armor
34:09 Elite Skirmisher
37:33 Horse Collar
38:12 Bow Saw
Dalton
6:34 Loom
9:14 Feudal Age
10:01 Double-Bit Axe
15:08 Town Watch
16:03 Town Watch
18:45 Castle Age
17:55 Bloodlines
18:24 Horse Collar
23:53 Light Cavalry
29:17 Husbandry
34:46 Bow Saw
34:53 Bow Saw
37:36 Imperial Age
35:46 Wheelbarrow
36:49 Scale Barding Armor
38:43 Conscription
39:13 Double Crossbow
The Potato King
2:11 Loom
10:50 Feudal Age
10:54 Man-at-Arms
11:20 Double-Bit Axe
16:09 Forging
17:30 Gold Mining
18:00 Scale Barding Armor
22:39 Castle Age
23:25 Husbandry
24:20 Iron Casting
29:35 Fletching
30:30 Wheelbarrow
38:02 Chain Barding Armor
39:40 Scale Mail Armor
39:43 Squires
44:48 Imperial Age
44:56 Hand Cart
44:34 Town Watch
45:42 Chivalry
46:13 Bow Saw
46:39 Gold Shaft Mining
46:03 Cavalier
47:40 Conscription
47:58 Plate Barding Armor
48:24 Blast Furnace
47:13 Paladin
Earl J Turkey
6:26 Loom
10:09 Feudal Age
18:53 Castle Age
17:51 Double-Bit Axe
19:49 Fletching
21:02 Ballistics
26:01 Bodkin Arrow
28:21 Padded Archer Armor
36:40 Bow Saw
39:53 Imperial Age
39:00 Scale Barding Armor
39:06 Forging
39:12 Leather Archer Armor
39:11 Gold Mining
39:15 Stone Mining
40:38 Wheelbarrow
40:39 Chain Barding Armor
40:00 Cavalier
40:44 Husbandry
41:25 Iron Casting
40:59 Cranequins
42:57 Chemistry
43:08 Plate Barding Armor
42:11 Ordonnance Companies
43:05 Heavy Mounted Crossbowman
45:32 Blast Furnace
45:59 Chivalry
46:36 Paladin
Connection lost

Rejoining the realm…

Still unreachable

The connection could not be restored.

Session expired

The server has moved on; the page needs a fresh start.